 Dungeon Crawl Stone Soup version 0.24.1-4-ge52af88ad5 (webtiles) character file.

Game seed: 7985832809961515669, levelgen mode: deterministic

2909 raph the Reanimator (level 9, 0/78 HPs)
             Began as a Deep Dwarf Necromancer on Apr 19, 2020.
             Was a Believer of Makhleb.
             Killed from afar by a gargoyle (16 damage)
             ... with a stone arrow
             ... on level 8 of the Dungeon.
             The game lasted 00:30:04 (12733 turns).

raph the Reanimator (Deep Dwarf Necromancer)       Turns: 12733, Time: 00:30:06

Health: 0/78       AC:  8    Str: 13    XL:     9   Next: 49%
Magic:  8/17       EV: 15    Int: 17    God:    Makhleb [**....]
Gold:   447        SH:  6    Dex: 14    Spells: 9/18 levels left

rFire    + . .     SeeInvis +   b - staff of wizardry
rCold    . . .     Gourm    .   p - +1 buckler
rNeg     . . .     Faith    .   u - +2 leather armour {rF+}
rPois    .         Spirit   .   (no helmet)
rElec    .         Reflect  .   x - +2 cloak
rCorr    .         Harm     .   (no gloves)
MR       +....                  (no boots)
Stlth    +++.......             (no amulet)
HPRegen  0.00/turn              e - ring of see invisible
MPRegen  0.15/turn              E - ring of flight

@: very slightly contaminated, non-regenerating
A: damage resistance, heal wounds, sense surroundings 2, no regeneration
a: Heal Wounds, Minor Destruction, Renounce Religion, Evoke Flight


You were on level 8 of the Dungeon.
You worshipped Makhleb.
Makhleb was pleased with you.
You were very hungry.

You visited 1 branch of the dungeon, and saw 8 of its levels.

You collected 447 gold pieces.

Inventory:

Hand Weapons
 a - a +1 dagger of venom
 h - a +0 dagger
 q - a +0 hand crossbow
 A - a +1 scimitar of flaming
Missiles
 l - 40 poisoned darts (quivered)
Armour
 p - a +1 buckler (worn)
 u - a +2 leather armour of fire resistance (worn)
 v - a +0 robe
 x - a +2 cloak (worn)
Magical Staves
 b - an uncursed staff of wizardry (weapon)
 r - an uncursed staff of cold
Jewellery
 e - a ring of see invisible (left hand)
 i - an uncursed ring of resist corrosion
 E - a ring of flight (right hand)
Wands
 D - a wand of paralysis (8)
Scrolls
 t - 3 scrolls of remove curse
 y - a scroll of enchant weapon
 B - a scroll of identify
 C - a scroll of enchant armour
Potions
 d - a potion of brilliance
 f - a potion of degeneration
 j - 4 potions of haste
 m - a potion of ambrosia {unknown}
 n - a potion of invisibility {unknown}
 o - a potion of might {unknown}
 s - a potion of agility {unknown}
 w - 2 potions of curing
 z - a potion of lignification {unknown}
 F - 3 potions of resistance
Comestibles
 c - 9 rations


   Skills:
 + Level 4.3 Fighting
 + Level 5.9 Dodging
 + Level 5.3 Stealth
 - Level 3.1 Shields
 + Level 5.3 Spellcasting
 + Level 9.2 Necromancy
 + Level 3.6 Invocations


You had 9 spell levels left.
You knew the following spells:

 Your Spells              Type           Power        Failure   Level  Hunger
a - Pain                  Necr           ####         1%          1    None
b - Animate Skeleton      Necr           N/A          1%          1    None
c - Vampiric Draining     Necr           #####.....   1%          3    ##.....
d - Animate Dead          Necr           N/A          1%          4    ####...

Your spell library contained the following spells:

 Spells                   Type           Power        Failure   Level  Hunger
 Regeneration             Chrm/Necr      Unusable     N/A         3    N/A

Dungeon Overview and Level Annotations

Branches:
Dungeon (8/15)             Temple (0/1) D:7            Lair (0/6) D:8

Altars:
Ashenzari
Dithmenos
Gozag
Makhleb

Annotations:
D:2 exclusion: door
D:4 2 transporters, orehx's ghost, weakling MiFi
D:5 2 runed translucent doors, Xiguana's ghost, novice VSCj
D:8 exclusion: two-headed ogre


Innate Abilities, Weirdness & Mutations

You are resistant to damage.
You can heal yourself by infusing magical energy.
You passively map the area around you.
You do not regenerate.


Message History

Confirm with . or Enter, or press ? or * to list all spells.
Aiming: Vampiric Draining (safe; 1% risk of failure)
Press: ? - help, Shift-Dir - straight line, f/p - killer bee
Aim: a killer bee (heavily wounded)
The killer bee is almost dead.
You feel life coursing into your body.
The killer bee stings you but does no damage.
You block the killer bee's attack.
Casting: Vampiric Draining (safe; 1% risk of failure)
Confirm with . or Enter, or press ? or * to list all spells.
Aiming: Vampiric Draining (safe; 1% risk of failure)
Press: ? - help, Shift-Dir - straight line, f/p - killer bee
Aim: a killer bee (almost dead)
You kill the killer bee!
Makhleb accepts your kill.
You feel better.
You feel life coursing into your body.
You are feeling very hungry.
The gargoyle hurls a stone arrow at you.
The stone arrow hits you!!
You die...

#####....#..##....#....#..#.....#
#..#...)##..##....#....#..##....#
...#....#.........#,,,,#..##....#
...#....'.....O...+,,,,#.........
#.##....######9...#,,,,#.........
#.#...y##,,,*#....#,,,,#..##....#
..#..y.#,,,,*#....#,,,,#..##....#
..#..y.#,,,,,#....#,,,,#...#.....
#'#..9.#,,,,*#..@.#,,,,#...#.....
....yZ.#,,,,*#....#,,,,#..##....#
....y..#,,,,*#....#,,,,#####)...#
......y#,,,,,#....#,,,,*,,*#.....
......)#,,,,*#....#,,,,*,,,#.....
......y#,,,,*#....+,,,,*,,*#....#
.....))#,,,,,#....#,,,,**'*#....#
.....).#,,,,,+....#,,,,,,,,#....#
...#..[#***********,,,,,,,,#....#


You could see a two-headed ogre and a gargoyle.

Vanquished Creatures
  Erica (D:8)
  A hornet (D:6)
  Grum (D:8)
  A hornet zombie (D:8)
  3 orc warriors
  An ice beast (D:6)
  An ogre (D:8)
  2 wolves (D:8)
  4 bullfrogs
  A scorpion (D:7)
  A killer bee (D:8)
  A wight (D:6)
  A howler monkey (D:5)
  3 crimson imps
  4 hounds
  2 quasits
  2 orc wizards
  4 orc priests
  A jelly (D:4)
  2 iguanas
  4 worker ants
  A hound skeleton (D:5)
  7 adders
  2 river rats (D:4)
  2 shadow imps (D:6)
  2 adder skeletons
  An adder zombie (D:7)
  2 worms (D:3)
  3 dart slugs
  4 leopard geckos
  16 orcs
  A ball python (D:4)
  3 giant cockroaches
  8 goblins
  9 hobgoblins
  16 jackals
  2 quokkas
  8 bats
  7 frilled lizards
  A jackal skeleton (D:7)
  6 kobolds
  12 rats
154 creatures vanquished.

Vanquished Creatures (collateral kills)
  A hungry ghost (D:8)
  A wolf (D:8)
  A crimson imp (D:6)
  An orc priest (D:8)
  A worker ant (D:6)
  An adder (D:2)
  An adder skeleton (D:6)
  A bat (D:1)
  A rat (D:1)
9 creatures vanquished.

Vanquished Creatures (others)
  A quokka (D:8)
1 creature vanquished.

Grand Total: 164 creatures vanquished

Notes
Turn   | Place    | Note
-------+----------+-------------------------------------------
     0 | D:1      | raph the Deep Dwarf Necromancer began the quest for the
                  | Orb.
     0 | D:1      | Reached XP level 1. HP: 15/15 MP: 3/3
     9 | D:1      | Learned a level 1 spell: Animate Skeleton
   435 | D:1      | Reached XP level 2. HP: 22/22 MP: 2/4
   573 | D:1      | Reached skill level 5 in Necromancy
  2481 | D:2      | Reached XP level 3. HP: 25/28 MP: 3/5
  2486 | D:2      | Learned a level 3 spell: Vampiric Draining
  3251 | D:2      | Reached skill level 6 in Necromancy
  3951 | D:2      | Reached XP level 4. HP: 34/36 MP: 1/6
  3952 | D:2      | Found a burning altar of Makhleb.
  3981 | D:2      | Became a worshipper of Makhleb the Destroyer
  5277 | D:3      | Reached skill level 1 in Invocations
  5842 | D:3      | Reached XP level 5. HP: 7/42 MP: 4/8
  6511 | D:4      | Found a transporter.
  6513 | D:4      | Noticed orehx's ghost (weakling MiFi)
  6516 | D:4      | Found a transporter.
  6984 | D:4      | Reached * piety under Makhleb
  7048 | D:4      | Found a glowing drain.
  7532 | D:5      | Entered Level 5 of the Dungeon
  7560 | D:5      | Reached skill level 7 in Necromancy
  7560 | D:5      | Reached XP level 6. HP: 40/49 MP: 10/10
  7566 | D:5      | Learned a level 4 spell: Animate Dead
  8143 | D:5      | Found a runed translucent door.
  8148 | D:5      | Noticed Xiguana's ghost (novice VSCj)
  8198 | D:5      | Reached skill level 1 in Shields
  8447 | D:6      | Reached XP level 7. HP: 15/55 MP: 3/11
  9034 | D:6      | Reached skill level 1 in Fighting
  9310 | D:7      | Noticed a hornet
  9328 | D:6      | Killed a hornet
  9328 | D:6      | Reached XP level 8. HP: 37/67 MP: 0/14
  9357 | D:5      | Reached skill level 8 in Necromancy
  9760 | D:5      | Found a runed translucent door.
  9848 | D:5      | Reached ** piety under Makhleb
 10921 | D:7      | Found a shattered altar of Ashenzari.
 11034 | D:7      | Found a staircase to the Ecumenical Temple.
 11697 | D:7      | Found an opulent altar of Gozag.
 11715 | D:7      | Found a shadowy altar of Dithmenos.
 11730 | D:8      | Noticed Erica
 11766 | D:8      | Killed Erica
 11766 | D:8      | Reached skill level 5 in Dodging
 11766 | D:8      | Reached skill level 5 in Spellcasting
 11766 | D:8      | Gained mutation: You passively map the area around you.
                  | [Deep Dwarf growth]
 11766 | D:8      | Reached XP level 9. HP: 26/78 MP: 3/16
 11888 | D:8      | Noticed a two-headed ogre
 11916 | D:8      | Noticed Grum
 11922 | D:8      | Reached skill level 9 in Necromancy
 11960 | D:8      | Killed Grum
 12301 | D:8      | Found a staircase to the Lair.
 12367 | D:8      | Reached skill level 5 in Stealth
 12703 | D:8      | Noticed a gargoyle
 12703 | D:8      | Noticed a two-headed ogre
 12727 | D:8      | HP: 2/78 [two-headed ogre/+0 giant club (7)]
 12733 | D:8      | Killed from afar by a gargoyle

Levels and vault maps discovered:
D:1:      dpeg_arrival_lava_temple_mockup, layout_basic
D:2:      layout_loops_ring, kennysheep_vampire_church, bloody_makhleb
D:3:      layout_basic, first_ration
D:4:      layout_loops_ring, portal_sewer_entry_b, gammafunk_ghost_arena,
          serial_park_tiny_pond
D:5:      layout_basic, ebering_ghost_sewer_f
D:6:      layout_rooms
D:7:      layout_basic, nicolae_overflow_hidden_temple, temple_green,
          grunt_livestock, cheibrodos_ashenzari_chains
D:8:      layout_gridville, lair_entry_dummy, enter_ossuary_5, uniq_erica,
          uniq_grum

Skill      XL: |  1  2  3  4  5  6  7  8  9 |
---------------+----------------------------+-----
Necromancy     | 5 6 7 8 9 |  9.2
Spellcasting   | 2 3 4 5 |  5.3
Invocations    | 1 3 |  3.6
Shields        | 2 3 |  3.1
Fighting       | 2 3 4 |  4.3
Dodging        | 3 5 |  5.9
Stealth        | 4 5 |  5.3

Action                   |  1- 3 |  4- 6 |  7- 9 || total
-------------------------+-------+-------+-------++-------
Melee: Dagger            |     5 |    91 |   228 ||   324
       Staff             |       |       |     9 ||     9
Throw: Dart              |       |     2 |     1 ||     3
 Cast: Pain              |    70 |    58 |    19 ||   147
       Animate Skeleton  |    23 |    17 |    13 ||    53
       Vampiric Draining |     2 |    29 |    69 ||   100
       Animate Dead      |       |     1 |     8 ||     9
  Use: Scroll            |       |     2 |    12 ||    14
       Potion            |       |       |     3 ||     3
 Stab: Sleeping          |       |     2 |       ||     2
       Distracted        |       |     1 |       ||     1
  Eat: Chunk             |    11 |     9 |    16 ||    36
       Ration            |       |     3 |     1 ||     4
Armor: Robe              |     4 |    25 |     4 ||    33
       Leather armour    |       |       |   119 ||   119
Dodge: Dodged            |    16 |    83 |   268 ||   367
Block: Buckler           |       |       |    88 ||    88
